TOP OF THE 1ST |
Hillsboro Hops batting - Pitching for Auburn Doubledays : RHP Chris Mosley
|
Pitching: RHP Chris Mosley
|
|
Batting: RHB Yutaka Oki
|
0-0: Foul Ball, location: 2F 0-1: Foul Ball, location: 2F 0-2: Foul Ball, location: 2F 0-2: Ball 1-2: Ball 2-2: Foul Ball, location: 2F 2-2: Ground out 4-3 (Groundball, 4S, EV 80.0 MPH)
|
Batting: RHB Daniel Rivera
|
0-0: Foul Ball, location: 2F 0-1: Hit by Pitch
|
Batting: RHB Terry Jarrells
|
0-0: Called Strike 0-1: Ball 1-1: Ball 2-1: Called Strike 2-2: Fly out, F9 (Flyball, 9D, EV 103.8 MPH)
|
Batting: LHB Franklin Quezada
|
0-0: Ball 1-0: Called Strike 1-1: Ball 2-1: Foul Ball, location: 2F 2-2: Foul Ball, location: 2F 2-2: Strikes out swinging
|
Top of the 1st over - 0 runs, 0 hits, 0 errors, 1 left on base; Hillsboro 0 - Auburn 0 |
BOTTOM OF THE 1ST |
Auburn Doubledays batting - Pitching for Hillsboro Hops : RHP Jose Rodas
|
Pitching: RHP Jose Rodas
|
|
Batting: RHB Bobby Bricker
|
0-0: Called Strike 0-1: Fly out, F9 (Flyball, 9LS, EV 88.1 MPH)
|
Batting: LHB Vince McLane
|
0-0: Ball 1-0: Ground out 5-3 (Groundball, 5, EV 90.6 MPH)
|
Batting: LHB Chris Williams
|
0-0: Ball 1-0: Swinging Strike 1-1: Swinging Strike 1-2: Ground out 5-3 (Groundball, 5S, EV 61.9 MPH)
|
Bottom of the 1st over - 0 runs, 0 hits, 0 errors, 0 left on base; Hillsboro 0 - Auburn 0 |
TOP OF THE 2ND |
Hillsboro Hops batting - Pitching for Auburn Doubledays : RHP Chris Mosley
|
Batting: RHB Jonathan Underhill
|
0-0: Called Strike 0-1: Foul Ball, location: 2F 0-2: Ball 1-2: Strikes out swinging
|
Batting: RHB Antonio Luisa
|
0-0: Ball 1-0: Swinging Strike 1-1: Foul Ball, location: 2F 1-2: Ball 2-2: Ball 3-2: Base on Balls
|
Batting: RHB Chris McGrath
|
0-0: Swinging Strike 0-1: Called Strike 0-2: Foul Ball, location: 2F 0-2: Ball 1-2: Strikes out swinging
|
Batting: LHB Josh Kirk
|
0-0: Ball 1-0: Ball 2-0: Called Strike 2-1: TRIPLE (Line Drive, 9D, EV 102.5 MPH) Antonio Luisa scores
|
Batting: RHB Trevor Corey
|
0-0: Ball 1-0: Foul Ball, location: 2F 1-1: Ground out 4-3 (Groundball, 4, EV 86.9 MPH)
|
Top of the 2nd over - 1 run, 1 hit, 0 errors, 1 left on base; Hillsboro 1 - Auburn 0 |
BOTTOM OF THE 2ND |
Auburn Doubledays batting - Pitching for Hillsboro Hops : RHP Jose Rodas
|
Batting: LHB Elias Posada
|
0-0: Foul Ball, location: 2F 0-1: Ball 1-1: Ball 2-1: Foul Ball, location: 2F 2-2: Ground out 6-3 (Groundball, 6M, EV 83.8 MPH)
|
Batting: RHB Jim Towle
|
0-0: Called Strike 0-1: Called Strike 0-2: Strikes out swinging
|
Batting: RHB Er Le
|
0-0: Ball 1-0: Called Strike 1-1: Ground out 6-3 (Groundball, 6, EV 97.5 MPH)
|
Bottom of the 2nd over - 0 runs, 0 hits, 0 errors, 0 left on base; Hillsboro 1 - Auburn 0 |
TOP OF THE 3RD |
Hillsboro Hops batting - Pitching for Auburn Doubledays : RHP Chris Mosley
|
Batting: RHB Yutaka Oki
|
0-0: Ball 1-0: Ball 2-0: Called Strike 2-1: Ground out 6-3 (Groundball, 56, EV 85.6 MPH)
|
Batting: RHB Daniel Rivera
|
0-0: Ball 1-0: Called Strike 1-1: Ball 2-1: Foul Ball, location: 2F 2-2: Ball 3-2: Foul Ball, location: 2F 3-2: Base on Balls
|
Batting: RHB Terry Jarrells
|
0-0: Ball 1-0: Foul Ball, location: 2F 1-1: Foul Ball, location: 2F 1-2: Ball 2-2: Ball 3-2: Foul Ball, location: 2F 3-2: Foul Ball, location: 2F Pickoff Throw to First - Out! 1-3 3-2: Foul Ball, location: 2F 3-2: Foul Ball, location: 2F 3-2: Foul Ball, location: 2F 3-2: Base on Balls
|
Batting: LHB Franklin Quezada
|
0-0: Ball 1-0: SINGLE (Line Drive, 7S, EV 90.0 MPH) Terry Jarrells to second
|
Batting: RHB Jonathan Underhill
|
0-0: Called Strike 0-1: Called Strike 0-2: Foul Ball, location: 2F 0-2: Foul Ball, location: 2F 0-2: Strikes out swinging
|
Top of the 3rd over - 0 runs, 1 hit, 0 errors, 2 left on base; Hillsboro 1 - Auburn 0 |
BOTTOM OF THE 3RD |
Auburn Doubledays batting - Pitching for Hillsboro Hops : RHP Jose Rodas
|
Batting: RHB Joe Young
|
0-0: Called Strike 0-1: Foul Ball, location: 2F 0-2: Ball 1-2: Foul Ball, location: 2F 1-2: Strikes out swinging
|
Batting: SHB Alex Medina
|
0-0: Ball 1-0: Swinging Strike 1-1: Foul Ball, location: 2F 1-2: Ball 2-2: Foul Ball, location: 2F 2-2: Ball 3-2: Foul Ball, location: 2F 3-2: Strikes out swinging
|
Batting: RHB Jessie Fisher
|
0-0: Ball 1-0: Ball 2-0: Ground out 4-3 (Groundball, 4, EV 84.4 MPH)
|
Bottom of the 3rd over - 0 runs, 0 hits, 0 errors, 0 left on base; Hillsboro 1 - Auburn 0 |
TOP OF THE 4TH |
Hillsboro Hops batting - Pitching for Auburn Doubledays : RHP Chris Mosley
|
Batting: RHB Antonio Luisa
|
0-0: Ball 1-0: Called Strike 1-1: DOUBLE (Flyball, 78XD, EV 110.0 MPH)
|
Batting: RHB Chris McGrath
|
0-0: Called Strike 0-1: Called Strike 0-2: Ball 1-2: Foul Ball, location: 2F 1-2: Strikes out swinging
|
Batting: LHB Josh Kirk
|
0-0: Ball 1-0: Swinging Strike 1-1: Called Strike 1-2: Foul Ball, location: 2F 1-2: Ball 2-2: Ground out 6-3 (Groundball, 6, EV 85.6 MPH)
|
Pitching: RHP Tim Schultz
|
|
Batting: RHB Trevor Corey
|
0-0: Ball 1-0: Swinging Strike 1-1: Ball 2-1: Foul Ball, location: 2F 2-2: Strikes out looking
|
Top of the 4th over - 0 runs, 1 hit, 0 errors, 1 left on base; Hillsboro 1 - Auburn 0 |
BOTTOM OF THE 4TH |
Auburn Doubledays batting - Pitching for Hillsboro Hops : RHP Jose Rodas
|
Batting: RHB Bobby Bricker
|
0-0: Ball 1-0: Ground out 4-3 (Groundball, 4, EV 81.2 MPH)
|
Batting: LHB Vince McLane
|
0-0: Called Strike 0-1: Ball 1-1: Foul Ball, location: 2F 1-2: Ball 2-2: Ball 3-2: Base on Balls
|
Batting: LHB Chris Williams
|
0-0: Ball 1-0: Ball 2-0: Ball Wild Pitch! Vince McLane to second 3-0: Base on Balls
|
Batting: LHB Elias Posada
|
0-0: Ball 1-0: Fielders Choice at 2nd, 1-6 (Groundball, 34S, EV 73.8 MPH) Vince McLane to third
|
Batting: RHB Jim Towle
|
0-0: Fielders Choice at 2nd, 6-4 (Groundball, 6, EV 85.0 MPH)
|
Bottom of the 4th over - 0 runs, 0 hits, 0 errors, 2 left on base; Hillsboro 1 - Auburn 0 |
TOP OF THE 5TH |
Hillsboro Hops batting - Pitching for Auburn Doubledays : RHP Tim Schultz
|
Batting: RHB Yutaka Oki
|
0-0: Ball 1-0: Fly out, F8 (Flyball, 89D, EV 94.4 MPH)
|
Batting: RHB Daniel Rivera
|
0-0: Ball 1-0: Swinging Strike 1-1: Ball 2-1: Ground out 5-3 (Groundball, 56, EV 86.9 MPH)
|
Batting: RHB Terry Jarrells
|
0-0: Ball 1-0: Ball 2-0: Fly out, F8 (Flyball, 8RD, EV 81.9 MPH)
|
Top of the 5th over - 0 runs, 0 hits, 0 errors, 0 left on base; Hillsboro 1 - Auburn 0 |
BOTTOM OF THE 5TH |
Auburn Doubledays batting - Pitching for Hillsboro Hops : RHP Jose Rodas
|
Batting: RHB Er Le
|
0-0: SOLO HOME RUN (Flyball, 9D, EV 101.9 MPH), Distance : 380 ft
|
Batting: RHB Joe Young
|
0-0: Ball 1-0: Ball 2-0: Ball 3-0: Called Strike 3-1: Base on Balls
|
Batting: SHB Alex Medina
|
0-0: Foul Ball, location: 2F 0-1: Swinging Strike 0-2: Ball 1-2: Strikes out swinging
|
Batting: RHB Jessie Fisher
|
0-0: Foul Ball, location: 2F 0-1: Ball 1-1: DOUBLE (Line Drive, 89D, EV 101.9 MPH) Joe Young to third
|
Batting: RHB Bobby Bricker
|
0-0: Ball 1-0: Ball 2-0: Ball 3-0: Called Strike 3-1: Base on Balls
|
Batting: LHB Vince McLane
|
0-0: Called Strike 0-1: Ball 1-1: Called Strike 1-2: Fielders Choice at 2nd, 4-6 (Groundball, 34D, EV 80.6 MPH) Joe Young scores Jessie Fisher to third
|
Batting: LHB Chris Williams
|
0-0: Called Strike Vince McLane steals 2nd base (no throw) 0-1: Foul Ball, location: 2F 0-2: Ball Wild Pitch! Jessie Fisher scores Vince McLane to third 1-2: Ball 2-2: Foul Ball, location: 2F 2-2: Foul Ball, location: 2F 2-2: Ball 3-2: Base on Balls
|
Batting: LHB Elias Posada
|
0-0: Ball 1-0: Ball 2-0: Foul Ball, location: 2F 2-1: Called Strike Chris Williams steals 2nd base 2-2: Ball 3-2: Foul Ball, location: 2F 3-2: Foul Ball, location: 2F 3-2: Base on Balls
|
Batting: RHB Jim Towle
|
0-0: Called Strike 0-1: Called Strike 0-2: Foul Ball, location: 2F 0-2: Strikes out swinging
|
Bottom of the 5th over - 3 runs, 2 hits, 0 errors, 3 left on base; Hillsboro 1 - Auburn 3 |
TOP OF THE 6TH |
Hillsboro Hops batting - Pitching for Auburn Doubledays : RHP Tim Schultz
|
Batting: LHB Franklin Quezada
|
0-0: Ball 1-0: Ball 2-0: Foul Ball, location: 2F 2-1: SINGLE (Groundball, 4MD, EV 102.5 MPH)
|
Batting: RHB Jonathan Underhill
|
0-0: Ball 1-0: Called Strike 1-1: Ball 2-1: Swinging Strike 2-2: Strikes out swinging Franklin Quezada is caught stealing 2nd base 2-4 Batter strikes out.
|
Batting: RHB Antonio Luisa
|
0-0: Ball 1-0: Ball 2-0: Ball 3-0: Base on Balls
|
Batting: RHB Chris McGrath
|
0-0: Ball 1-0: Foul Ball, location: 2F 1-1: Foul Ball, location: 2F 1-2: 2-RUN HOME RUN (Flyball, 7D, EV 95.6 MPH), Distance : 385 ft
|
Batting: LHB Josh Kirk
|
0-0: Called Strike 0-1: Swinging Strike 0-2: Ball 1-2: Foul Ball, location: 2F 1-2: Ball 2-2: Ball 3-2: Foul Ball, location: 2F 3-2: Foul Ball, location: 2F 3-2: SINGLE (Flyball, 3D, EV 86.9 MPH)
|
Pitching: LHP Leo Gutierrez
|
|
Batting: RHB Trevor Corey
|
0-0: Called Strike 0-1: Ball 1-1: Called Strike 1-2: Strikes out swinging
|
Top of the 6th over - 2 runs, 3 hits, 0 errors, 1 left on base; Hillsboro 3 - Auburn 3 |
BOTTOM OF THE 6TH |
Auburn Doubledays batting - Pitching for Hillsboro Hops : RHP Jose Rodas
|
Batting: RHB Er Le
|
0-0: Ball 1-0: Swinging Strike 1-1: Ground out 5-3 (Groundball, 56, EV 94.4 MPH)
|
Batting: RHB Joe Young
|
0-0: Ball 1-0: Swinging Strike 1-1: Ball 2-1: Reached on error, E4 (Groundball, 4D, EV 84.4 MPH)
|
Pitching: RHP Franklin Salazar
|
|
Batting: SHB Alex Medina
|
0-0: Ball 1-0: Ball 2-0: Called Strike 2-1: Fielders Choice at 2nd, 4-6 (Groundball, 34D, EV 79.4 MPH)
|
Batting: RHB Jessie Fisher
|
0-0: Foul Ball, location: 2F 0-1: Ball 1-1: Ground out 5-3 (Groundball, 56S, EV 83.8 MPH)
|
Bottom of the 6th over - 0 runs, 0 hits, 1 error, 1 left on base; Hillsboro 3 - Auburn 3 |
TOP OF THE 7TH |
Hillsboro Hops batting - Pitching for Auburn Doubledays : LHP Leo Gutierrez
|
Batting: RHB Yutaka Oki
|
0-0: Ball 1-0: DOUBLE (Flyball, 7LD, EV 98.1 MPH)
|
Batting: RHB Daniel Rivera
|
0-0: Ground out U3 (Groundball, 34S, EV 68.1 MPH) Yutaka Oki to third
|
Batting: RHB Terry Jarrells
|
0-0: Foul Ball, location: 2F 0-1: Called Strike 0-2: Ball 1-2: Ball Wild Pitch! Yutaka Oki scores 2-2: Foul Ball, location: 2F 2-2: Ball 3-2: Base on Balls
|
Batting: LHB Franklin Quezada
|
0-0: Fielders Choice at 2nd, 4-6 (Groundball, 4, EV 110.0 MPH)
|
Batting: RHB Jonathan Underhill
|
0-0: Ball Franklin Quezada steals 2nd base 1-0: Ball 2-0: Ball Passed Ball! Franklin Quezada to third 3-0: Base on Balls
|
Batting: RHB Antonio Luisa
|
0-0: TRIPLE (Line Drive, 9LD, EV 109.4 MPH) Franklin Quezada scores Jonathan Underhill scores
|
Pitching: LHP Johnny Busse
|
|
Batting: RHB Chris McGrath
|
0-0: Ball 1-0: Ball 2-0: Ball 3-0: Called Strike 3-1: Base on Balls
|
Batting: LHB Josh Kirk
|
0-0: Called Strike 0-1: SINGLE (Groundball, 3D, EV 93.8 MPH) Antonio Luisa scores Chris McGrath to second Runner from 2nd tries for 3rd, OUT! 9-5
|
Top of the 7th over - 4 runs, 3 hits, 0 errors, 1 left on base; Hillsboro 7 - Auburn 3 |
BOTTOM OF THE 7TH |
Auburn Doubledays batting - Pitching for Hillsboro Hops : RHP Franklin Salazar
|
Batting: RHB Bobby Bricker
|
0-0: Swinging Strike 0-1: Ball 1-1: Called Strike 1-2: Strikes out swinging
|
Batting: LHB Vince McLane
|
0-0: Foul Ball, location: 2F 0-1: Foul Ball, location: 2F 0-2: Foul Ball, location: 2F 0-2: Strikes out swinging
|
Batting: LHB Chris Williams
|
0-0: Foul Ball, location: 2F 0-1: DOUBLE (Line Drive, 78D, EV 107.5 MPH)
|
Batting: LHB Elias Posada
|
0-0: Called Strike 0-1: Ball 1-1: Foul Ball, location: 2F 1-2: Ball 2-2: Foul Ball, location: 2F 2-2: Strikes out looking
|
Bottom of the 7th over - 0 runs, 1 hit, 0 errors, 1 left on base; Hillsboro 7 - Auburn 3 |
TOP OF THE 8TH |
Hillsboro Hops batting - Pitching for Auburn Doubledays : LHP Johnny Busse
|
Batting: RHB Trevor Corey
|
0-0: Ball 1-0: Swinging Strike 1-1: Called Strike 1-2: Strikes out looking
|
Batting: RHB Yutaka Oki
|
0-0: Called Strike 0-1: Ball 1-1: Ball 2-1: Called Strike 2-2: Ball 3-2: Ground out 6-3 (Groundball, 6, EV 91.2 MPH)
|
Batting: RHB Daniel Rivera
|
0-0: Foul Ball, location: 2F 0-1: Called Strike 0-2: Ball 1-2: Ball 2-2: Foul Ball, location: 2F 2-2: Strikes out swinging
|
Top of the 8th over - 0 runs, 0 hits, 0 errors, 0 left on base; Hillsboro 7 - Auburn 3 |
BOTTOM OF THE 8TH |
Auburn Doubledays batting - Pitching for Hillsboro Hops : RHP Franklin Salazar
|
Batting: RHB Jim Towle
|
0-0: Ground out 6-3 (Groundball, 6, EV 102.5 MPH)
|
Batting: RHB Er Le
|
0-0: Ball 1-0: Called Strike 1-1: Called Strike 1-2: Strikes out looking
|
Batting: RHB Joe Young
|
0-0: Called Strike 0-1: Swinging Strike 0-2: Ball 1-2: Ball 2-2: Foul Ball, location: 2F 2-2: Ball 3-2: Foul Ball, location: 2F 3-2: SINGLE (Line Drive, 7S, EV 103.8 MPH)
|
Pitching: LHP Matt Bagnall
|
|
Batting: SHB Alex Medina
|
0-0: Foul Ball, location: 2F 0-1: Foul Ball, location: 2F 0-2: Strikes out swinging
|
Bottom of the 8th over - 0 runs, 1 hit, 0 errors, 1 left on base; Hillsboro 7 - Auburn 3 |
TOP OF THE 9TH |
Hillsboro Hops batting - Pitching for Auburn Doubledays : LHP Johnny Busse
|
Batting: RHB Terry Jarrells
|
0-0: Called Strike 0-1: Ground out 6-3 (Groundball, 6, EV 106.2 MPH)
|
Batting: LHB Franklin Quezada
|
0-0: Called Strike 0-1: Ball 1-1: Called Strike 1-2: Ball 2-2: SINGLE (Groundball, 34S, EV 61.9 MPH) (infield hit)
|
Batting: RHB Jonathan Underhill
|
0-0: SINGLE (Groundball, 56D, EV 110.0 MPH) Franklin Quezada to second
|
Batting: RHB Antonio Luisa
|
0-0: Ball 1-0: Foul Ball, location: 2F 1-1: Swinging Strike 1-2: Ball 2-2: Fielders Choice at 2nd, 3-6 (Groundball, 34S, EV 81.2 MPH) Franklin Quezada to third
|
Pitching: RHP Brent Wainwright
|
|
Batting: RHB Chris McGrath
|
0-0: DOUBLE (Groundball, 5L, EV 106.9 MPH) Franklin Quezada scores Antonio Luisa to third
|
Batting: LHB Josh Kirk
|
0-0: Called Strike 0-1: Foul Ball, location: 2F 0-2: DOUBLE (Flyball, 8LXD, EV 106.2 MPH) Antonio Luisa scores Chris McGrath scores
|
Pinch Hitting: LHB Josh Thomas
|
0-0: Foul Ball, location: 2F 0-1: Ball Wild Pitch! Josh Kirk to third 1-1: Ball 2-1: Called Strike 2-2: Strikes out looking
|
Top of the 9th over - 3 runs, 4 hits, 0 errors, 1 left on base; Hillsboro 10 - Auburn 3 |
BOTTOM OF THE 9TH |
Auburn Doubledays batting - Pitching for Hillsboro Hops : LHP Matt Bagnall
|
Now at C: Josh Thomas
|
|
Batting: RHB Jessie Fisher
|
0-0: Ball 1-0: SINGLE (Groundball, 25, EV 75.0 MPH) (infield hit)
|
Pinch Hitting: RHB John Gibbs
|
0-0: Ball 1-0: Ball 2-0: Ball 3-0: Called Strike 3-1: Called Strike 3-2: Grounds into double play, 6-4-3 (Groundball, 6, EV 80.6 MPH)
|
Pinch Hitting: RHB Justin Davenport
|
0-0: Ball 1-0: Foul Ball, location: 2F 1-1: Fly out, F8 (Line Drive, 8RM, EV 88.8 MPH)
|
Bottom of the 9th over - 0 runs, 1 hit, 0 errors, 0 left on base; Hillsboro 10 - Auburn 3 |
|